Map: Kairos Junction LE

Players

Samwise - Winner!

  • Race: Protoss Protoss
  • League: Platinum
  • Spawn Location: 11:00

A.I. 1 (Elite)

  • Race: Zerg Zerg
  • Spawn Location: 5:00

VOD

Have the link to the VOD?

Description

Time

  • Played on: Sept. 2, 2019, 9:07 a.m.
  • Length: 5:13
Show
View Real Time Build Order
Export as new Build Order

Samwise Protoss - Winner!

Build Orders:  

Get SALT Encoding   

  12  0:01  Probe  
  13  0:13  Probe  
  14  0:25  Probe  
  15  0:34  Pylon  
  15  0:37  Assimilator  
  15  0:52  Probe  
  15  0:53  Gateway  
  16  0:57  Gateway  
  17  1:04  Probe  
  17  1:12  Gateway  
  17  1:18  Probe  
  18  1:30  Probe  
  19  1:32  Zealot  
  19  1:35  Zealot  
  19  1:41  Cybernetics Core  
  23  2:00  Pylon  
  23  2:15  Pylon  
  23  2:18  Probe, Zealot x2  
  23  2:21  Zealot  
  30  2:35  Shield Battery  
  30  2:36  Shield Battery  
  30  2:39  Pylon  
  26  2:54  Stalker  
  28  3:00  Stalker  
  28  3:04  Assimilator  
  30  3:18  Pylon  
  30  3:20  Shield Battery  
  30  3:26  Robotics Facility  
  30  3:28  Stalker  
  32  3:36  Probe  
  33  3:49  Probe  
  33  3:54  Stalker  
  36  4:00  Pylon  
  36  4:07  Probe  
  36  4:09  Immortal  
  37  4:22  Stalker  
  43  4:32  Pylon  
Show
View Real Time Build Order
Export as new Build Order

A.I. 1 (Elite) Zerg 

Build Orders: Pool First 

Get SALT Encoding   

  12  0:00  Drone  
  13  0:12  Overlord  
  13  0:17  Drone  
  14  0:30  Drone x2  
  16  0:42  Spawning Pool  
  15  0:44  Drone  
  15  0:48  Drone  
  17  1:10  Hatchery  
  16  1:12  Drone  
  16  1:16  Extractor  
  16  1:19  Drone  
  16  1:22  Drone  
  18  1:27  Drone  
  19  1:38  Overlord  
  19  1:49  Drone, Queen  
  22  1:59  Zergling x2  
  23  2:06  Extractor  
  22  2:10  Drone  
  23  2:21  Zergling x2  
  23  2:22  Zergling x2  
  23  2:25  Queen  
  15  2:49  Drone  
Tags
 
Add a new tag
Caveats
  • Supply blocks, unpowered buildings, or Contaminate may cause inaccurate times.
  • Supply counts are checked every 10 seconds.